 Dungeon Crawl Stone Soup version 0.25.1-2-g60ff931df9 (webtiles) character file.

Game seed: 11459338429069804303

8744 DogServant the Grappler (level 11, 0/89 HPs)
             Began as a Naga Transmuter on Oct 18, 2020.
             Was a Follower of Hepliaklqana.
             Slain by Urug
             ... wielding a +2 battleaxe
              (15 damage)
             ... on level 1 of the Lair of Beasts.
             The game lasted 00:26:30 (12017 turns).

DogServant the Grappler (Naga Transmuter)          Turns: 12017, Time: 00:26:30

Health: 0/89       AC:  8    Str: 15    XL:     11   Next: 35%
Magic:  12/16      EV:  9    Int: 21    God:    Hepliaklqana [*.....]
Gold:   459        SH:  0    Dex: 11    Spells: 3/14 levels left

rFire    . . .     SeeInvis +     - Unarmed
rCold    . . .     Gourm    .   (shield currently unavailable)
rNeg     . . .     Faith    .   e - +2 leather armour {rPois}
rPois    +         Spirit   .   D - +1 hat
rElec    .         Reflect  .   (no cloak)
rCorr    .         Harm     .   (gloves currently unavailable)
MR       +....                  (no barding)
Stlth    +.........             s - amulet of the acrobat
HPRegen  0.24/turn              q - +6 ring of intelligence
MPRegen  0.15/turn              (no ring)

@: blade hands, very slow
A: large, reduced essence, see invisible, deformed body, high mp 1, poison
resistance, slowness 2, slow metabolism 1, spit poison 1, MP-powered wands, AC
+3
a: Spit Poison, End Transformation, Recall Ancestor, Ancestor Identity, Renounce
Religion


You were on level 1 of the Lair of Beasts.
You worshipped Hepliaklqana.
Hepliaklqana was aware of your devotion.
You were not hungry.
You had blades for hands.
You visited 3 branches of the dungeon, and saw 11 of its levels.

You collected 459 gold pieces.

Inventory:

Missiles
 a - 126 arrows
 t - 3 throwing nets (quivered)
Armour
 b - a +1 robe
 c - +0 swamp dragon scales
 e - a +2 leather armour of poison resistance (worn)
 y - a +2 pair of gloves (melded)
 A - a +0 kite shield
 D - a +1 hat (worn)
Jewellery
 q - a +6 ring of intelligence (left scythe-like blade)
 s - an amulet of the acrobat (around neck)
 G - a +4 ring of protection
Wands
 n - a wand of iceblast (33)
 o - a wand of flame (25)
 v - a wand of random effects (11)
 F - a wand of digging (7)
Scrolls
 d - 2 scrolls of enchant weapon
 g - 7 scrolls of teleportation
 h - 2 scrolls of magic mapping
 j - 5 scrolls of remove curse
 r - 2 scrolls of amnesia
 x - a scroll of enchant armour
 H - a scroll of identify
Potions
 i - 5 potions of flight
 k - 2 potions of cancellation
 m - 3 potions of stabbing
 p - a potion of ambrosia
 u - 2 potions of might
 w - a potion of degeneration {unknown}
 z - a potion of brilliance {unknown}
 C - a potion of resistance {unknown}
 E - a potion of curing
Comestibles
 l - 16 rations


   Skills:
 + Level 6.7 Fighting
 - Level 2.0 Armour
 - Level 1.5 Dodging
 + Level 11.3 Unarmed Combat
 - Level 2.0 Spellcasting
 + Level 10.2 Transmutations
 - Level 5.1 Evocations


You had 3 spell levels left.
You knew the following spells:

 Your Spells              Type           Power        Failure   Level  Hunger
a - Beastly Appendage     Tmut           #####.       10%         1    #......
b - Spider Form           Tmut/Pois      ###.......   38%         3    ###....
c - Sticks to Snakes      Tmut           #####...     11%         2    ##.....
d - Blade Hands           Tmut           #####.....   41%         5    ######.

Your spell library contained the following spells:

 Spells                   Type           Power        Failure   Level  Hunger
 Apportation              Tloc           #.....       61%         1    #......
 Summon Butterflies       Summ           #.......     61%         1    #......
 Lesser Beckoning         Tloc           #.........   86%         3    ###....
 Tukima's Dance           Hex            #.......     86%         3    ###....
 Ice Form                 Ice/Tmut       ###.....     65%         4    #####..
 Alistair's Intoxication  Tmut/Pois      ###.....     88%         5    ######.
 Invisibility             Hex            #.......     100%        6    #######


Dungeon Overview and Level Annotations

Branches:
Dungeon (9/15)             Temple (1/1) D:6            Lair (1/6) D:8
    Orc: D:9-12

Altars:
Ashenzari
Cheibriados
Dithmenos
Elyvilon
Fedhas
Gozag
Hepliaklqana
Kikubaaqudgha
Makhleb
Nemelex Xobeh
Okawaru
Qazlal
Ru
Sif Muna
Trog
Uskayaw
Vehumet
Wu Jian
Xom
Yredelemnul
Zin
The Shining One

Annotations:
D:5 1 runed translucent door, exclusion: oklob plant, DogServant's ghost, novice DEIE
D:6 2 transporters
D:9 Erolcha
Lair:1 Urug


Innate Abilities, Weirdness & Mutations

You cannot wear boots.
Your serpentine skin is tough. (AC +3)
You have supernaturally acute eyesight. (SInv)
Armour fits poorly on your strangely shaped body.
Your system is resistant to poisons. (rPois)
You cover ground very slowly.
You have a slow metabolism.
You can spit poison.
Your life essence is reduced to manifest your ancestor. (-10% HP)
You have an increased reservoir of magic. (+10% MP)
You expend magic power (3 MP) to strengthen your wands.


Message History

Sur-bor is destroyed!
You hit Urug.
Urug is lightly wounded.
You feel much better. Urug barely misses you.
You closely miss Urug.
Urug is lightly wounded.
Urug hits you with a +2 battleaxe!!
You closely miss Urug.
Urug is lightly wounded.
You barely miss Urug.
Urug is lightly wounded.
Urug hits you with a +2 battleaxe!
* * * LOW HITPOINT WARNING * * *
Okay, then.
As you read the scroll labeled GYIRUTTEKI, it crumbles to dust.
Your scythe-like blades glow brilliant umber for a moment.
It was a scroll of random uselessness.
Urug suddenly jeers.
Urug hits you with a +2 battleaxe!
You die...

........#
#####.......#
.##.#####
#...R...#
#####
####+.### ##
#....## P#
#..### ##
##(### ##
#(.#.###.##
.##
#.?.......#
..#
#..@o..[...
..#
#.........#
P.#
#..........
..#
##.###.####
#.# ### .#
#.# # ..#
#.### ....#


You could see Urug.

Vanquished Creatures
  Gastronok (D:8)
  Harold (D:8)
  Pikel (D:6)
  Psyche (D:8)
  A komodo dragon (D:8)
  Maggie (D:6)
  A troll (D:8)
  2 hippogriffs
  Grinder (D:3)
  2 yaks (D:8)
  Eustachio (D:6)
  A human (D:8)
  2 hogs (D:8)
  Grum (D:8)
  A hungry ghost (D:2)
  A water moccasin (D:8)
  Duvessa (D:4)
  Edmund (D:6)
  4 ice beasts
  A sky beast (D:5)
  2 necrophages
  An ogre (D:8)
  A phantom (D:7)
  A slave (D:6)
  4 wolves (D:8)
  3 centaurs
  A big kobold (D:7)
  4 bullfrogs
  Dowan (D:4)
  A wyvern zombie (D:8)
  A scorpion (D:7)
  A wyvern skeleton (D:8)
  7 killer bees
  2 howler monkeys (D:8)
  3 crimson imps (D:8)
  A bullfrog zombie (D:5)
  A jelly (D:5)
  3 hounds
  An orc priest (D:4)
  An orc wizard (D:4)
  A centaur skeleton (D:6)
  An iguana (D:9)
  3 worker ants (D:4)
  Ijyb (D:4)
  A howler monkey skeleton (D:4)
  7 adders
  2 oozes
  2 adder skeletons
  3 worms
  2 dart slugs
  3 leopard geckos
  13 orcs
  9 giant cockroaches
  4 goblins
  7 hobgoblins
  10 jackals
  6 quokkas
  4 ball pythons
  12 bats
  8 frilled lizards
  10 kobolds
  A quokka zombie (D:7)
  8 rats
  A plant (D:8)
185 creatures vanquished.

Vanquished Creatures (collateral kills)
  An ice beast (D:8)
  A slave (D:6)
  An ogre (D:7)
  An iguana (D:6)
  An orc wizard (D:7)
  A worker ant (D:7)
  A hound skeleton (D:8)
  A leopard gecko (D:6)
  An orc (D:7)
  A giant cockroach (D:7)
10 creatures vanquished.

Vanquished Creatures (others)
  A slave (D:6)
  3 ancestors
  3 plants (Lair:1)
7 creatures vanquished.

Grand Total: 202 creatures vanquished

Notes
Turn   | Place    | Note
-------+----------+-------------------------------------------
     0 | D:1      | DogServant the Naga Transmuter began the quest for the Orb.
     0 | D:1      | Reached XP level 1. HP: 18/18 MP: 3/3
   295 | D:1      | Reached XP level 2. HP: 9/25 MP: 3/5
  1030 | D:1      | Reached XP level 3. HP: 29/32 MP: 4/6
  1518 | D:2      | Noticed a hungry ghost
  1793 | D:2      | Gained mutation: You have an increased reservoir of magic.
                  | (+10% MP) [potion of mutation]
  1793 | D:2      | Gained mutation: You expend magic power (3 MP) to
                  | strengthen your wands. [potion of mutation]
  1811 | D:2      | Killed a hungry ghost
  1811 | D:2      | Reached skill level 4 in Unarmed Combat
  1811 | D:2      | Reached XP level 4. HP: 30/43 MP: 5/7
  1811 | D:2      | Reached XP level 5. HP: 34/49 MP: 5/8
  2211 | D:2      | Found a basalt altar of Yredelemnul.
  2232 | D:2      | Found a sparkling altar of Nemelex Xobeh.
  2713 | D:3      | Noticed Grinder
  2960 | D:3      | Paralysed by Grinder for 7 turns
  3177 | D:3      | Paralysed by Grinder for 2 turns
  3185 | D:3      | Killed Grinder
  3185 | D:3      | Reached skill level 5 in Unarmed Combat
  3185 | D:3      | Reached XP level 6. HP: 57/57 MP: 1/9
  3932 | D:4      | Noticed Duvessa
  3932 | D:4      | Noticed Dowan
  3939 | D:4      | Learned a level 3 spell: Spider Form
  3955 | D:4      | Killed Duvessa
  3955 | D:4      | Reached skill level 5 in Transmutations
  3955 | D:4      | Reached XP level 7. HP: 35/64 MP: 8/11
  4137 | D:4      | Found a shimmering altar of Xom.
  4328 | D:4      | Killed Dowan
  4387 | D:4      | Noticed Ijyb
  4438 | D:4      | Killed Ijyb
  5455 | D:5      | Entered Level 5 of the Dungeon
  5654 | D:5      | Learned a level 2 spell: Sticks to Snakes
  5690 | D:5      | Reached XP level 8. HP: 48/72 MP: 9/12
  5818 | D:5      | Reached skill level 6 in Unarmed Combat
  6326 | D:5      | Found a runed translucent door.
  6367 | D:5      | Found a glowing golden altar of the Shining One.
  6401 | D:5      | Noticed DogServant's ghost (novice DEIE)
  6488 | D:5      | Found a blossoming altar of Fedhas.
  6499 | D:5      | Noticed an oklob plant
  6614 | D:6      | Found a staircase to the Ecumenical Temple.
  6620 | Temple   | Entered the Ecumenical Temple
  6679 | Temple   | Became a worshipper of Hepliaklqana the Forgotten
  6968 | D:6      | Noticed Pikel
  7006 | D:6      | Killed Pikel
  7006 | D:6      | Reached skill level 8 in Unarmed Combat
  7006 | D:6      | Reached XP level 9. HP: 5/70 MP: 13/13
  7323 | D:6      | Found a sacrificial altar of Ru.
  7442 | D:6      | Found a transporter.
  7447 | D:6      | Found a transporter.
  7540 | D:6      | Noticed Edmund
  7552 | D:6      | Killed Edmund
  7552 | D:6      | Reached skill level 1 in Evocations
  7717 | D:6      | Noticed Maggie
  7732 | D:6      | Killed Maggie
  7832 | D:6      | Reached * piety under Hepliaklqana
  7832 | D:6      | Noticed Eustachio
  7849 | D:6      | Killed Eustachio
  8349 | D:7      | Reached skill level 9 in Unarmed Combat
  8833 | D:7      | Learned a level 5 spell: Blade Hands
  9046 | D:7      | Reached XP level 10. HP: 55/75 MP: 7/14
  9479 | D:8      | Reached skill level 10 in Unarmed Combat
  9557 | D:8      | Noticed Grum
 10344 | D:8      | Found a staircase to the Lair.
 10596 | D:8      | Noticed Harold
 10608 | D:8      | Killed Harold
 10608 | D:8      | Reached skill level 5 in Evocations
 10810 | D:8      | Found an iron altar of Okawaru.
 10870 | D:8      | Noticed Psyche
 10875 | D:8      | Killed Psyche
 10875 | D:8      | Reached skill level 5 in Fighting
 10978 | D:8      | Reached skill level 1 in Armour
 11240 | D:8      | Found a bloodstained altar of Trog.
 11242 | D:8      | Found a glowing silver altar of Zin.
 11293 | D:8      | Noticed Gastronok
 11307 | D:8      | Killed Gastronok
 11307 | D:8      | Reached skill level 11 in Unarmed Combat
 11307 | D:8      | Reached XP level 11. HP: 59/87 MP: 11/16
 11442 | D:8      | Reached skill level 10 in Transmutations
 11856 | D:9      | Noticed Erolcha
 11888 | D:8      | Killed Grum
 11941 | Lair:1   | Entered Level 1 of the Lair of Beasts
 12004 | Lair:1   | Noticed Urug
 12017 | Lair:1   | Slain by Urug

Illustrated notes

Levels and vault maps discovered:
D:1:      dpeg_arrival_yet_another_circle, layout_basic,
          chequers_serial_rivers_large_a
D:2:      layout_basic, overflow_temple_1_default,
          nicolae_overflow_crystal_walls, serial_forest,
          infiniplex_forest_clump_medium, infiniplex_forest_lined_room_3,
          infiniplex_forest_lined_ring, infiniplex_forest_end_1,
          infiniplex_forest_clump_double, infiniplex_forest_straight_4
D:3:      layout_loops_cross, uniq_grinder
D:4:      layout_gridville, lemuel_doored_altar, first_ration, hex_tiny,
          uniq_ijyb, uniq_duvessa
D:5:      layout_rooms, tgw_fedhas, tso_altar, gammafunk_ghost_grave
D:6:      gammafunk_steamed_eel, layout_basic, nicolae_ru_sacrificial_ziggurat,
          minmay_temple_entry_fiery, uniq_edmund, uniq_eustachio, uniq_maggie,
          uniq_pikel
D:7:      layout_basic
D:8:      layout_loops_ring, okawaru_ov_weapons_minmay,
          nicolae_overflow_hidden_temple, david_lair_shrubbed, grunt_livestock,
          uniq_gastronok, uniq_psyche, uniq_grum, uniq_harold
D:9:      layout_rooms, uniq_erolcha
Temple:   dshaligram_water_room_temple
Lair:1:   layout_roguey, hangedman_lair_unloving_vines, uniq_urug

Skill      XL: |  1  2  3  4  5  6  7  8  9 10 11 |
---------------+----------------------------------+-----
Fighting       | 2 3 4 6 |  6.7
Unarmed Combat | 4 5 8 9 11 | 11.3
Transmutations | 4 5 6 7 8 9 10 | 10.2
Evocations     | 3 5 |  5.1
Armour         | 2 |  2.0
Dodging        | |  1.5
Spellcasting   | |  2.0

Action                   |  1- 3 |  4- 6 |  7- 9 | 10-12 || total
-------------------------+-------+-------+-------+-------++-------
Melee: Unarmed           |    30 |     8 |   198 |   182 ||   418
       Headbutt          |     4 |     3 |    10 |     6 ||    23
       Short sword       |    72 |    99 |   117 |       ||   288
       Punch             |       |     1 |     3 |     5 ||     9
 Cast: Beastly Appendage |     9 |    12 |    14 |     9 ||    44
       Spider Form       |       |     1 |    19 |       ||    20
       Sticks to Snakes  |       |       |     2 |       ||     2
       Blade Hands       |       |       |     3 |    13 ||    16
Invok: Ancestor Identity |       |       |     2 |       ||     2
 Abil: Spit Poison       |     8 |    10 |     5 |     1 ||    24
Evoke: Wand              |       |     5 |     1 |     2 ||     8
  Use: Scroll            |     3 |     3 |    12 |     4 ||    22
       Potion            |     3 |       |     2 |     4 ||     9
 Stab: Sleeping          |     1 |       |       |       ||     1
       Invisible         |       |       |     2 |       ||     2
       Distracted        |       |       |     1 |       ||     1
  Eat: Chunk             |     3 |     8 |    13 |     8 ||    32
       Ration            |     3 |       |     1 |     2 ||     6
Armor: Robe              |    39 |    36 |    24 |       ||    99
       Skin              |       |       |     6 |     1 ||     7
       Leather armour    |       |       |    13 |    46 ||    59
Dodge: Dodged            |    57 |    70 |   211 |    80 ||   418
